 Dungeon Crawl Stone Soup version 0.29.1-2-gbd0b4ee654 (webtiles) character file.

Game seed: 14263580458468760826

37 cdecastro the Sneak (level 2, -3/17 HPs)
             Began as a Kobold Brigand on Nov 8, 2022.
             Was a Follower of Ru.
             Slain by a gnoll
             ... wielding a +0 club
              (8 damage)
             ... on level 1 of the Dungeon.
             The game lasted 00:03:00 (1858 turns).

cdecastro the Sneak (Kobold Brigand)                Turns: 1858, Time: 00:03:01

Health: -3/17      AC:  3    Str: 10    XL:     2   Next: 62%
Magic:  2/2        EV: 14    Int: 12    God:    Ru [*.....]
Gold:   97         SH:  0    Dex: 16    Spells: 1/1 levels left

rFire   . . .      SeeInvis .   a - +2 dagger
rCold   . . .      Faith    .   (no shield)
rNeg    . . .      Spirit   .   b - +0 robe
rPois   .          Reflect  .   (no helmet)
rElec   .          Harm     .   c - +0 cloak
rCorr   .          Rampage  .   (no gloves)
Will    .....                   (no boots)
Stlth   ++++......              (no amulet)
HPRegen 0.05/turn               (no ring)
MPRegen 0.08/turn               (no ring)

@: no status effects
A: small, no large weapons, nightstalker 3, inexperienced 1
a: Renounce Religion


You were on level 1 of the Dungeon.
You worshipped Ru.
Ru was aware of your devotion.
You visited 1 branch of the dungeon, and saw 2 of its levels.

You collected 97 gold pieces.

Inventory:

Hand Weapons
 a - a +2 dagger (weapon)
Missiles
 d - 7 poisoned darts (quivered)
 e - 3 curare-tipped darts
 f - 43 stones
Armour
 b - a +0 robe (worn)
 c - a +0 cloak (worn)
 m - a +0 leather armour
Jewellery
 i - an amulet of guardian spirit
Scrolls
 g - a scroll of enchant armour {unknown}
 h - a scroll of fear {unknown}
 j - a scroll of identify {unknown}
 k - a scroll of noise {unknown}
Potions
 l - a potion of degeneration {unknown}


   Skills:
 - Level 2.1 Fighting
 - Level 2.6 Short Blades
 * Level 3.6 Throwing
 - Level 1.2 Dodging
 + Level 5.9 Stealth


You had one spell level left.
You didn't know any spells.
Your spell library was empty.

Dungeon Overview and Level Annotations

Branches:
Dungeon (2/15)

Altars:
Ru


Innate Abilities, Weirdness & Mutations

You are small and have problems with some larger weapons.
You are completely attuned to the shadows.
You are somewhat inexperienced. (-1 XL)


Message History

You see here a +0 dagger.
You see here a +0 leather armour.
m - a +0 leather armour You see here a +0 dagger.
There is a stone staircase leading down here.
You climb downwards.
There is a stone staircase leading up here.
Found a stone staircase leading down.
A gnoll comes into view. It is wielding a +0 club.
A gnoll is nearby!
A gnoll is nearby!
A gnoll comes into view. It is wielding a +0 whip of flaming.
The gnoll shouts!
You hear a shout!
A gnoll comes into view. It is wielding a +0 club.
The gnoll hits you but does no damage.
You hit the gnoll.
The gnoll is moderately wounded.
There is a stone staircase leading down here.
The gnoll attacks as you move away! The gnoll hits you with a +0 club.
The gnoll attacks as you move away! The gnoll barely misses you.
There is a stone staircase leading up here.
You climb upwards.
There is a stone staircase leading down here.
The gnoll attacks as you move away! The gnoll hits you with a +0 club.
Throw: 9 darts (poison)
Press: ? - help, Q - select action, (/) - cycle Shift-Dir - straight line, f - gnoll
Aim: a gnoll, wielding a +0 club (lightly wounded, 65% to hit)
You throw a poisoned dart. The poisoned dart hits the gnoll.
The gnoll is poisoned.
The gnoll is lightly wounded.
The gnoll hits you with a +0 club.
* * * LOW HITPOINT WARNING * * *
Throw: 8 darts (poison)
Press: ? - help, Q - select action, (/) - cycle Shift-Dir - straight line, f/p - gnoll
Aim: a gnoll, wielding a +0 club (lightly wounded, poisoned, 65% to hit)
You throw a poisoned dart. The poisoned dart hits the gnoll.
The gnoll looks even sicker.
The gnoll is lightly wounded.
The gnoll hits you with a +0 club!
You die...

..............................###
#.####'####.#....###.#.........#
##..##.##..###.#.###.##.#.#....##
.###)....###.....................
.#####.#######.#.######.##.#...##
.....#.#.......#......)..........
.#.#...###..##.#...#.#####.#...##
............##.#g..#.#...#.#...#
...##..###..##.#@..#.#.#.#.#...##
............##.#.#.#.#.#.#.......
...##....#..##.....#...#.#.#†..##
..###....#..##.#+#.#####.#.#.....
.........#..##......)....#.....#.
.........#..##.....#####.#.....#.
..###....#..###....#...#.#.......
..###.#............#.#.#.#.#.....
............##.#+#.#.#.#.#.#..##.


You could see a gnoll (very poisoned).

Vanquished Creatures
  A dart slug (D:1)
  4 ball pythons (D:1)
  6 endoplasms (D:1)
  A giant cockroach (D:1)
  5 goblins (D:1)
  4 hobgoblins (D:1)
  2 quokkas (D:1)
  A bat (D:1)
  4 frilled lizards (D:1)
  2 kobolds (D:1)
  A rat (D:1)
31 creatures vanquished.

Notes
Turn   | Place    | Note
-------+----------+-------------------------------------------
     0 | D:1      | cdecastro the Kobold Brigand began the quest for the Orb.
     0 | D:1      | Reached XP level 1. HP: 12/12 MP: 1/1
   221 | D:1      | Reached XP level 2. HP: 17/17 MP: 2/2
   770 | D:1      | Reached XP level 3. HP: 15/21 MP: 3/3
  1331 | D:1      | Found a faded altar of an unknown god.
  1460 | D:1      | Prayed at the altar of an unknown god.
  1460 | D:1      | Became a worshipper of Ru the Awakened
  1468 | D:1      | Gained mutation: You are somewhat inexperienced. (-1 XL)
                  | [Ru sacrifice]
  1468 | D:1      | Reached XP level 2. HP: 17/17 MP: 2/2
  1468 | D:1      | Reached * piety under Ru
  1858 | D:1      | Slain by a gnoll

Illustrated notes

Levels and vault maps discovered:
D:1:      minmay_arrival_shattered_statue, layout_basic,
          nicolae_ecumenical_snake_handling, roderic_lattice_a,
          interstate_on_off
D:2:      layout_rooms, serial_co_window_serial, co_window_corner_a,
          co_window_paths_a, co_window_paths_b, co_window_paths_a,
          co_window_corner_a, co_window_of_opportunity_a, co_window_broadway_b,
          co_window_unsneaky_path_a, co_window_cross_4, co_window_cross_4,
          co_window_corner_cb, co_window_unsneaky_path_b, glass_columns_a,
          glass_columns_a, uniq_jessica

Skill      XL: |  1  2 |
---------------+-------+-----
Throwing       | 3 |  3.6
Fighting       | |  2.1
Short Blades   | |  2.6
Dodging        | |  1.2
Stealth        | |  5.9

Action                   || total
-------------------------++-------
Melee: Dagger            ||    84
Throw: Dart              ||     2
Invok: Sacrifice Experie ||     1
 Stab: Sleeping          ||    13
Armor: Robe              ||    12
Dodge: Dodged            ||    41
